 Dungeon Crawl Stone Soup version 0.21.0-25-ge575cb9 (webtiles) character file.

65545 robertstho the Severer (level 14, -6/135 HPs)
             Began as a Minotaur Berserker on Jan 25, 2018.
             Was a High Priest of Trog.
             Mangled by a redback (7 damage)
             ... on level 2 of the Spider Nest.
             The game lasted 00:46:37 (16606 turns).

robertstho the Severer (Minotaur Berserker)        Turns: 16606, Time: 00:46:39

Health: -6/135     AC: 24    Str: 20    XL:     14   Next: 75%
Magic:  0/13       EV:  8    Int:  6    God:    Trog [*****.]
Gold:   1308       SH: 14    Dex: 12    Spells: 13/13 levels left

rFire    + + +     SeeInvis +   z - +7 broad axe "Qiupn" {chop, rPois Str-5 Int+2 Stlth+}
rCold    x . .     Gourm    .   u - +2 shield {rF+}
rNeg     . . .     Faith    .   t - +3 plate armour {rF+}
rPois    +         Spirit   +   (helmet restricted)
rElec    .         Reflect  .   m - +0 cloak
rCorr    .         Harm     .   D - +0 pair of gloves
MR       +....                  L - +0 pair of boots (curse)
Stlth    ..........             F - amulet of guardian spirit
HPRegen  0.32/turn              j - ring of see invisible
MPRegen  0.13/turn              q - ring of fire

@: lethally poisoned (-6 -> -41), berserk cooldown, slowed, very slow
A: retaliatory headbutt, horns 2
a: Berserk, Trog's Hand, Brothers in Arms, Burn Spellbooks, Renounce Religion


You were on level 2 of the Spider Nest.
You worshipped Trog.
Trog was extremely pleased with you.
You were very hungry.

You visited 3 branches of the dungeon, and saw 20 of its levels.
You also visited: Volcano.

You collected 1308 gold pieces.

Inventory:

Hand Weapons
 b - a +1 battleaxe of freezing
 k - a +1 hand axe of flaming
 z - the +7 broad axe "Qiupn" (weapon) {chop, rPois Str-5 Int+2 Stlth+}
   (Trog gifted it to you on level 7 of the Dungeon)

   It inflicts extra damage upon your enemies.
   It affects your strength (-5).
   It affects your intelligence (+2).
   It protects you from poison.
   It makes you more stealthy.
 J - a +4 broad axe of chopping
 N - the +4 hand crossbow of Prudence {elec, -Tele rElec Dex+3}
   (You found it on level 4 of the Lair of Beasts)

   It charges the ammunition it shoots with electricity; occasionally upon a
   hit, such missiles may discharge and cause terrible harm.
   It affects your dexterity (+3).
   It insulates you from electricity.
   It prevents most forms of teleportation.
 S - the +1 broad axe of the Heart {drain, +Rage rElec Str-2}
   (Trog gifted it to you on level 6 of the Lair of Beasts)

   A truly terrible weapon, it drains the life of those it strikes.
   It affects your strength (-2).
   It insulates you from electricity.
   It lets you go berserk.
 X - the +7 flail of Egaygousa {freeze, rF+}
   (You found it on level 1 of the Spider Nest)

   It has been specially enchanted to freeze those struck by it, causing extra
   injury to most foes and up to half again as much damage against particularly
   susceptible opponents.
   It can also slow down cold-blooded creatures.
   It protects you from fire.
Missiles
 f - 105 bolts
Armour
 m - a +0 cloak (worn)
 t - a +3 plate armour of fire resistance (worn)
 u - a +2 shield of fire resistance (worn)
 D - a +0 pair of gloves (worn)
 L - a cursed +0 pair of boots (worn)
Jewellery
 a - an uncursed ring of protection from cold
 e - an uncursed ring of positive energy
 j - a ring of see invisible (left hand)
 q - a ring of fire (right hand)
 F - an amulet of guardian spirit (around neck)
Wands
 i - a wand of acid (10)
 n - a wand of disintegration (10)
 r - a wand of iceblast (23)
 y - a wand of random effects (39)
 H - a wand of paralysis (25)
Scrolls
 h - 11 scrolls of teleportation
 p - a scroll of magic mapping
 A - 2 scrolls of fear
 E - a scroll of blinking {unknown}
 I - a scroll of enchant weapon
 M - 2 scrolls of enchant armour
 Q - a scroll of remove curse
 R - a scroll of noise
 U - a scroll of fog
Potions
 d - 9 potions of curing
 g - 2 potions of flight
 l - a potion of brilliance
 o - 3 potions of lignification
 s - a potion of berserk rage
 v - 2 potions of resistance
 w - 2 potions of might
 B - 2 potions of cancellation
 C - 3 potions of ambrosia
 G - 4 potions of haste
 O - 3 potions of invisibility
 V - 2 potions of magic {unknown}
Books
 T - the Guide on Shape Shifting
   (You found it on level 5 of the Lair of Beasts)

   Spells                             Type                      Level
   a - Beastly Appendage              Transmutation                1
   b - Sticks to Snakes               Transmutation                2
   c - Passwall                       Transmutation/Earth          2
   d - Ice Form                       Ice/Transmutation            4
   e - Yara's Violent Unravelling     Hexes/Transmutation          5
   f - Statue Form                    Transmutation/Earth          6
   Trog disapproves of the use of such an item.
Miscellaneous
 x - a box of beasts
 W - a lamp of fire
Comestibles
 c - 40 rations


   Skills:
 * Level 15.4 Fighting
 * Level 18.9 Axes
 + Level 3.5 Crossbows
 * Level 14.5 Armour
 + Level 4.0 Dodging
 + Level 0.4 Stealth
 + Level 9.8 Shields


You had 13 spell levels left.
You didn't know any spells.

Dungeon Overview and Level Annotations

Branches:
Dungeon (12/15)            Temple (0/1) D:6            Lair (6/6) D:10
 Shoals (0/4) Lair:4       Spider (2/4) Lair:2        Slime (0/5) Lair:5
    Orc (0/2) D:10

Altars:
Ashenzari
Cheibriados
Hepliaklqana
Kikubaaqudgha
Makhleb
Okawaru
Qazlal
Ru
Vehumet
Zin
Jiyva

Shops:
D:6 [   D:9 }   D:11 %

Annotations:
Lair:5 1 runed door, exclusion: oklob plant
Spider:2 gameguard's ghost, adept DsWn


Innate Abilities, Weirdness & Mutations

You reflexively headbutt those who attack you in melee.
You have a pair of horns on your head.


Message History

The redback closely misses you.
As you read the scroll labeled UREGAPP PUGH, it crumbles to dust.
It is a scroll of brand weapon.
Your +4 antimagic broad axe emits a brilliant flash of light!
J - a +4 broad axe of chopping You block the redback's attack.
You block gameguard's ghost's attack. The redback bites you.
* * * LOW HITPOINT WARNING * * *
Gameguard's ghost completely misses you.
You furiously retaliate!
You headbutt gameguard's ghost, but do no damage.
As you read the scroll labeled QOVVINWY WISUMU, it crumbles to dust.
It is a scroll of enchant weapon.
Your +0 hand axe of flaming glows red for a moment.
The redback bites you!
* * * LOW HITPOINT WARNING * * *
You are lethally poisoned!
The redback poisons you! You block the redback's attack.
You block gameguard's ghost's attack. The redback bites you!
You die...

#≈.# #≈≈ #..# ≈≈
#≈.# ≈##≈≈ #≈.#
≈s≈≈ ###≈.#
#≈≈≈#.≈..#
#≈≈≈#.##.########
#≈.##....^....
##s@##########
#†W.# #≈.#.#
≈.≈##.. ..≈##
#### ≈.## #


You could see a tarantella, a redback and gameguard's ghost.

Vanquished Creatures
  The ghost of AllAloneInSpace the Severer, a journeyman MiFi of Makhleb (D:9)
  2 entropy weavers (Spider:1)
  Snorg (Lair:5)
  Josephine (D:10)
  Fannar (D:10)
  4 hydras
  A centaur warrior (D:12)
  A death yak (Lair:4)
  3 two-headed ogres
  A hell knight (Volcano)
  A salamander mystic (Volcano)
  A fire crab (Lair:6)
  An unseen horror (D:11)
  5 orb spiders (Spider:1)
  A deep elf mage (D:12)
  7 wolf spiders (Spider:1)
  A manticore (D:11)
  An ugly thing (D:12)
  16 elephants
  4 salamanders (Volcano)
  4 black mambas
  2 molten gargoyles (Volcano)
  11 spiny frogs
  5 centaur skeletons
  A gargoyle (D:12)
  The ghost of BisonMan the Poker, a novice DsGl (D:5)
  A torpor snail (Spider:1)
  2 demonic crawlers (Spider:1)
  2 freezing wraiths (D:12)
  8 komodo dragons
  3 rime drakes
  4 jumping spiders
  4 trolls
  A polar bear (Lair:6)
  4 hornets
  4 hippogriffs
  12 blink frogs
  4 wraiths
  25 redbacks
  3 wyverns
  11 tarantellas (Spider:1)
  14 yaks
  3 basilisks
  2 fire bats (Volcano)
  9 hungry ghosts
  The ghost of Shandreya the Ducker, an amateur GnWn (D:4)
  Menkaure (D:4)
  5 porcupines
  7 water moccasins
  A hornet zombie (D:11)
  6 orc warriors
  2 ice beasts
  2 sky beasts
  3 black bears
  2 phantoms
  5 ogres
  A necrophage (D:12)
  6 wolves (Lair:3)
  2 centaurs (D:12)
  14 crocodiles
  4 big kobolds
  2 gnoll sergeants
  17 bullfrogs
  4 scorpions
  10 killer bees
  2 electric eels
  A vampire bat (D:9)
  6 wights
  2 howler monkeys
  6 lava snakes (Volcano)
  4 spriggan skeletons (D:11)
  6 crimson imps
  2 quasits
  3 jellies
  15 orc wizards
  2 bullfrog skeletons
  A gnoll shaman (D:8)
  7 orc priests
  3 hounds
  Jessica (D:2)
  5 iguanas
  7 worker ants
  A worker ant zombie (D:10)
  25 gnolls
  13 adders
  A shadow imp (D:8)
  3 oozes
  An adder zombie (D:9)
  2 worms
  2 dart slugs
  5 leopard geckos
  51 orcs
  8 bats
  3 bat skeletons (D:9)
  4 bat zombies (D:9)
  4 giant cockroaches
  11 goblins
  11 hobgoblins
  22 jackals
  21 kobolds
  6 quokkas
  A ball python skeleton (D:4)
  4 frilled lizards
  10 rats
  5 fungi
  A plant (Lair:6)
577 creatures vanquished.

Vanquished Creatures (collateral kills)
  The ghost of TheDoctor the Martial Artist, a journeyman OpTm of Sif Muna (Lair:3)
  A hydra (Lair:4)
  A death knight (D:12)
  Sonja (Lair:4)
  An orb spider (Spider:1)
  2 wolf spiders (Spider:1)
  A spiny frog (Lair:3)
  A komodo dragon (Lair:4)
  A demonic crawler (Spider:1)
  A hippogriff (Lair:4)
  A redback (Spider:1)
12 creatures vanquished.

Vanquished Creatures (others)
  8 fungi
8 creatures vanquished.

Grand Total: 597 creatures vanquished

Notes
Turn   | Place    | Note
-------+----------+-------------------------------------------
     0 | D:1      | robertstho the Minotaur Berserker began the quest for the Orb.
     0 | D:1      | Reached XP level 1. HP: 19/19 MP: 0/0
   225 | D:1      | Reached XP level 2. HP: 26/27 MP: 1/1
   314 | D:1      | Reached skill level 4 in Axes
   646 | D:2      | Reached XP level 3. HP: 32/33 MP: 2/2
   755 | D:2      | Reached ** piety under Trog
   780 | D:2      | Found a radiant altar of Vehumet.
   813 | D:2      | Reached skill level 5 in Axes
   931 | D:2      | Reached XP level 4. HP: 28/41 MP: 3/3
  1122 | D:2      | Noticed Jessica
  1128 | D:2      | Killed Jessica
  1453 | D:3      | Reached XP level 5. HP: 41/47 MP: 4/4
  1536 | D:3      | Reached *** piety under Trog
  1536 | D:3      | Reached skill level 5 in Fighting
  1643 | D:3      | Reached skill level 6 in Axes
  2234 | D:4      | Noticed a phantom
  2267 | D:4      | Killed a phantom
  2267 | D:4      | Reached skill level 7 in Axes
  2267 | D:4      | Reached XP level 6. HP: 39/56 MP: 5/5
  2282 | D:4      | Noticed Shandreya's ghost (amateur GnWn)
  2285 | D:4      | Noticed Menkaure
  2293 | D:4      | Killed Shandreya's ghost
  2293 | D:4      | Reached XP level 7. HP: 12/61 MP: 6/6
  2298 | D:4      | Killed Menkaure
  2298 | D:4      | Reached skill level 8 in Axes
  2383 | D:4      | Reached skill level 5 in Armour
  2435 | D:4      | Found a burning altar of Makhleb.
  2437 | D:4      | Found a glowing silver altar of Zin.
  2437 | D:4      | Noticed an angel
  2438 | D:4      | Noticed a blizzard demon
  2826 | D:5      | Entered Level 5 of the Dungeon
  2895 | D:5      | Noticed BisonMan's ghost (novice DsGl)
  2910 | D:5      | Killed BisonMan's ghost
  2910 | D:5      | Reached skill level 9 in Axes
  2910 | D:5      | Reached XP level 8. HP: 70/70 MP: 7/7
  3047 | D:5      | Found an iron altar of Okawaru.
  3148 | D:5      | Reached **** piety under Trog
  3704 | D:6      | Found Niaffaim's Armour Emporium.
  3760 | D:6      | Reached skill level 10 in Axes
  3760 | D:6      | Reached skill level 1 in Shields
  3793 | D:6      | Found a staircase to the Ecumenical Temple.
  3931 | D:6      | Found a snail-covered altar of Cheibriados.
  3997 | D:6      | Reached XP level 9. HP: 68/78 MP: 8/8
  4113 | D:6      | Reached ***** piety under Trog
  4205 | D:6      | Found a stormy altar of Qazlal.
  4514 | D:6      | Found a sacrificial altar of Ru.
  4680 | D:7      | Reached skill level 11 in Axes
  5011 | D:7      | Received a gift from Trog
  5014 | D:7      | Got a crude broad axe {god gift}
  5015 | D:7      | Identified the +7 broad axe "Qiupn" {chop, rPois Str-5 Int+2 Stlth+} (Trog gifted it to you on level 7 of the Dungeon)
  5158 | D:7      | Found a shattered altar of Ashenzari.
  5158 | D:7      | Found a hazy altar of Hepliaklqana.
  5529 | D:8      | Noticed a two-headed ogre
  5539 | D:8      | Killed a two-headed ogre
  5660 | D:8      | Reached skill level 12 in Axes
  5763 | D:8      | Reached XP level 10. HP: 69/89 MP: 9/9
  6589 | D:9      | Noticed AllAloneInSpace's ghost (journeyman MiFi)
  6607 | D:9      | Killed AllAloneInSpace's ghost
  6607 | D:9      | Reached skill level 13 in Axes
  6607 | D:9      | Reached skill level 10 in Armour
  6607 | D:9      | Reached skill level 5 in Shields
  6622 | D:9      | Found an ancient bone altar of Kikubaaqudgha.
  6708 | D:9      | Found the +7 great mace "Firestarter" {inner flame, rF++}
  6803 | D:9      | Found Virhar's Gadget Emporium.
  6998 | D:9      | Noticed a two-headed ogre
  7002 | D:9      | Killed a two-headed ogre
  7105 | D:10     | Entered Level 10 of the Dungeon
  7105 | D:10     | Noticed Josephine
  7105 | D:10     | Noticed Fannar
  7120 | D:10     | Killed Josephine
  7120 | D:10     | Reached XP level 11. HP: 94/97 MP: 4/10
  7123 | D:10     | Killed Fannar
  7123 | D:10     | Reached skill level 14 in Axes
  7205 | D:10     | Found a staircase to the Lair.
  7480 | D:10     | Reached ****** piety under Trog
  7515 | D:10     | Found a staircase to the Orcish Mines.
  7627 | D:11     | Reached skill level 10 in Fighting
  7628 | D:11     | Received a gift from Trog
  7664 | D:11     | Reached skill level 15 in Axes
  7719 | D:11     | Noticed an unseen horror
  7723 | D:11     | Killed an unseen horror
  8005 | D:11     | Found Butif's Food Emporium.
  8285 | D:11     | Noticed a two-headed ogre
  8294 | D:11     | Killed a two-headed ogre
  8370 | D:12     | Reached XP level 12. HP: 95/108 MP: 3/11
  8398 | D:12     | Noticed a centaur warrior
  8406 | D:12     | Killed a centaur warrior
  8406 | D:12     | Reached skill level 16 in Axes
  8579 | D:12     | Noticed a death knight
  8598 | D:12     | Killed a death knight
  8929 | D:12     | Received a gift from Trog
  9244 | Lair:1   | Entered Level 1 of the Lair of Beasts
  9383 | Lair:1   | Noticed a four-headed hydra
  9392 | Lair:1   | Killed a one-headed hydra
 10296 | Lair:2   | Found a hole to the Spider Nest.
 10619 | Lair:2   | Reached skill level 17 in Axes
 11231 | Lair:3   | Found a dark tunnel.
 11236 | Volcano  | Entered a volcano
 11514 | Volcano  | Found a bloodstained altar of Trog.
 11530 | Volcano  | Reached XP level 13. HP: 107/118 MP: 8/12
 11979 | Lair:3   | Received a gift from Trog
 12152 | Lair:3   | Noticed TheDoctor's ghost (journeyman OpTm)
 12189 | Lair:3   | Killed TheDoctor's ghost
 12759 | Lair:4   | Found a staircase to the Shoals.
 12795 | Lair:4   | Got a fine hand crossbow
 12796 | Lair:4   | Identified the +4 hand crossbow of Prudence {elec, -Tele rElec Dex+3} (You found it on level 4 of the Lair of Beasts)
 12866 | Lair:4   | Noticed Sonja
 12877 | Lair:4   | Killed Sonja
 12994 | Lair:4   | Reached skill level 1 in Crossbows
 13061 | Lair:4   | Reached skill level 18 in Axes
 13633 | Lair:5   | Found a runed door.
 13633 | Lair:5   | Found a viscous altar of Jiyva.
 13633 | Lair:5   | Found a staircase to the Slime Pits.
 13633 | Lair:5   | Noticed an acid blob
 13633 | Lair:5   | Noticed an acid blob
 13747 | Lair:5   | Identified the Guide on Shape Shifting
 14168 | Lair:5   | Noticed Snorg
 14181 | Lair:5   | Killed Snorg
 14307 | Lair:6   | Entered Level 6 of the Lair of Beasts
 14500 | Lair:6   | Reached XP level 14. HP: 95/130 MP: 9/13
 14599 | Lair:6   | Received a gift from Trog
 14607 | Lair:6   | Got a polished broad axe {god gift}
 14608 | Lair:6   | Identified the +1 broad axe of the Heart {drain, +Rage rElec Str-2} (Trog gifted it to you on level 6 of the Lair of Beasts)
 15135 | Spider:1 | Entered Level 1 of the Spider Nest
 15569 | Spider:1 | Noticed an entropy weaver
 15597 | Spider:1 | Killed an entropy weaver
 15906 | Spider:1 | Noticed an entropy weaver
 15918 | Spider:1 | Reached skill level 15 in Fighting
 15922 | Spider:1 | Killed an entropy weaver
 16094 | Spider:1 | Received a gift from Trog
 16176 | Spider:1 | Got a shimmering flail
 16177 | Spider:1 | Identified the +7 flail of Egaygousa {freeze, rF+} (You found it on level 1 of the Spider Nest)
 16581 | Spider:2 | Noticed gameguard's ghost (adept DsWn)
 16605 | Spider:2 | HP: 6/135 [redback (2)]
 16606 | Spider:2 | HP: 1/135 [redback (6)]
 16606 | Spider:2 | Mangled by a redback

Skill      XL: |  1  2  3  4  5  6  7  8  9 10 11 12 13 14 |
---------------+-------------------------------------------+-----
Fighting       | 4 5 6 8 9 10 12 13 15 | 15.4
Axes           | 4 5 7 9 10 12 13 15 17 18 | 18.9
Armour         | 3 4 5 7 8 10 11 12 13 14 | 14.5
Dodging        | 3 4 |  4.0
Shields        | 1 4 5 6 8 9 |  9.8
Crossbows      | 3 |  3.5
Stealth        | |  0.4

Action                   |  1- 3 |  4- 6 |  7- 9 | 10-12 | 13-15 || total
-------------------------+-------+-------+-------+-------+-------++-------
Melee: Hand axe          |    89 |   161 |   260 |     6 |    74 ||   590
       Headbutt          |    12 |    30 |    65 |   106 |    91 ||   304
       War axe           |       |       |    56 |    81 |       ||   137
       Broad axe         |       |       |    41 |   467 |   392 ||   900
       Flail             |       |       |       |       |     5 ||     5
 Fire: Hand crossbow     |       |       |       |       |    36 ||    36
Invok: Berserk           |     1 |     1 |     4 |     5 |     7 ||    18
       Trog's Hand       |       |       |     1 |       |     3 ||     4
       Burn Spellbooks   |       |       |     1 |     1 |     3 ||     5
       Brothers in Arms  |       |       |       |     1 |     4 ||     5
Evoke: Box of beasts     |       |       |       |       |     1 ||     1
  Use: Scroll            |     3 |     5 |     3 |     7 |     9 ||    27
       Potion            |       |       |     1 |       |     7 ||     8
  Eat: Chunk             |       |     5 |    17 |    22 |    13 ||    57
       Ration            |       |       |     1 |     2 |     4 ||     7
Armor: Animal skin       |    10 |       |       |       |       ||    10
       Chain mail        |     6 |    88 |    65 |       |       ||   159
       Plate armour      |       |       |    83 |   224 |   312 ||   619
Dodge: Dodged            |    58 |    67 |    68 |   123 |   121 ||   437
Block: Buckler           |       |     3 |     3 |       |       ||     6
       Shield            |       |       |   124 |   356 |   277 ||   757
